 Dungeon Crawl Stone Soup version 0.17-a0-1636-g3119f2b (webtiles) character file.

315 karlkraus the Sneak (level 6, -3/43 HPs)
             Began as an Octopode Monk on Aug 6, 2015.
             Slain by an iguana (11 damage)
             ... on level 4 of the Dungeon.
             The game lasted 00:05:39 (2467 turns).

karlkraus the Sneak (Octopode Monk)                 Turns: 2467, Time: 00:05:40

Health: -3/43      AC:  1    Str: 12    XL:     6   Next: 43%
Magic:  6/6        EV: 14    Int: 13    God:
Gold:   146        SH:  0    Dex: 14    Spells: 0 memorised, 5 levels left

rFire  . . .     SeeInvis .       - Unarmed
rCold  . . .     Clarity  .     (no shield)
rNeg   . . .     SustAt   .     (helmet restricted)
rPois  .         Gourm    .     (no amulet)
rElec  .         Spirit   .     (no ring)
rCorr  .         Warding  .     (no ring)
rMut   .         Stasis   .     (no ring)
MR     .....                    (no ring)
Stlth  ++++......               (no ring)
                                (no ring)
                                (no ring)
                                (no ring)

@: not resistant to hostile enchantments, stealthy
A: almost no armour, amphibious, 8 rings, constrict 8, camouflage 1, gelatinous
body 1
a: no special abilities


You were on level 4 of the Dungeon.
You were not hungry.

You visited 1 branch of the dungeon, and saw 4 of its levels.

You collected 146 gold pieces.

Inventory:

Missiles
 d - 2 javelins (quivered)
Scrolls
 c - 2 scrolls of immolation {unknown}
 e - a scroll of blinking {unknown}
 j - a scroll of remove curse {unknown}
 l - a scroll of noise {unknown}
Potions
 b - 3 potions of curing {unknown}
 g - a potion of magic {unknown}
 h - 2 potions of haste {unknown}
 i - a potion of resistance {unknown}
 m - 2 potions of invisibility {unknown}
 n - 2 potions of flight {unknown}
 o - a potion of mutation {unknown}
Comestibles
 a - 5 bread rations
 f - a meat ration
 k - 11 fruits
 p - a slice of pizza
 q - 3 chunks of flesh


   Skills:
 + Level 4.0 Fighting
 + Level 4.0 Dodging
 + Level 5.8 Stealth
 + Level 5.2 Unarmed Combat


You had 5 spell levels left.
You didn't know any spells.

Dungeon Overview and Level Annotations

Branches:
Dungeon (4/15)
 Temple: D:4-7

Altars:
Cheibriados
Elyvilon
Gozag
Kikubaaqudgha
Makhleb
Xom


Innate Abilities, Weirdness & Mutations

You cannot wear most types of armour.
You are amphibious.
You can wear up to eight rings at the same time.
You can use your tentacles to constrict eight enemies at once.
Your skin changes colour to match your surroundings (Stealth).
Your rubbery body absorbs attacks (AC +1).


Message History

The iguana is heavily wounded.
The iguana closely misses you.
The worker ant twitches its antennae in your direction.
You tentacle-slap the iguana. Your grab misses the iguana.
The iguana is severely wounded.
The iguana barely misses you.
You tentacle-slap the iguana but do no damage.
You grab the iguana. Your squeeze misses the iguana.
The iguana is severely wounded.
You constrict the iguana, but do no damage.
The iguana closely misses you.
You tentacle-slap the iguana.
The iguana is severely wounded.
You constrict the iguana, but do no damage.
The iguana bites you!
* * * LOW HITPOINT WARNING * * *
You tentacle-slap the iguana but do no damage.
The iguana is severely wounded.
You constrict the iguana. The iguana bites you!
You die...

.......####.#.### #.#
#<.............### #.#
#............(...#####.#
...h.........†#.#....)...
.#..#######)).#.#..####.#
... #.#.#.#..# #.# ...
#.#.#.#..# #.#
....?######.#.#?#..# #<#
........@la.....#..# #)#
.#.#.######...[....# #..
.........# ### #.#l..^...
.# #...... .# ...... .
..<### # ##.#


You could see an iguana and a worker ant.

Vanquished Creatures
  A scorpion (D:3)
  2 orc wizards (D:4)
  A hound (D:4)
  A worker ant (D:3)
  2 gnolls
  5 adders
  An adder zombie (D:4)
  3 worms
  4 giant geckos
  5 orcs (D:4)
  A ball python (D:1)
  7 bats
  A giant cockroach (D:4)
  7 goblins
  6 hobgoblins
  4 jackals (D:1)
  11 kobolds
  3 quokkas
  4 giant newts
  5 rats
74 creatures vanquished.

Notes
Turn   | Place    | Note
--------------------------------------------------------------
     0 | D:1      | karlkraus the Octopode Monk began the quest for the Orb.
     0 | D:1      | Reached XP level 1. HP: 16/16 MP: 1/1
    79 | D:1      | Reached XP level 2. HP: 11/21 MP: 2/2
   643 | D:2      | Reached XP level 3. HP: 26/26 MP: 3/3
   964 | D:2      | Reached XP level 4. HP: 29/31 MP: 4/4
  1165 | D:2      | Found a snail-covered altar of Cheibriados.
  1169 | D:2      | Found a white marble altar of Elyvilon.
  1171 | D:2      | Found a shimmering altar of Xom.
  1171 | D:2      | Found an ancient bone altar of Kikubaaqudgha.
  1172 | D:2      | Found an opulent altar of Gozag.
  1225 | D:2      | Found a burning altar of Makhleb.
  1802 | D:3      | Reached XP level 5. HP: 31/36 MP: 5/5
  1865 | D:3      | Found a faded altar to an unknown god.
  1916 | D:3      | Reached skill level 5 in Unarmed Combat
  1989 | D:3      | Reached skill level 5 in Stealth
  2402 | D:4      | Reached XP level 6. HP: 33/43 MP: 6/6
  2467 | D:4      | Slain by an iguana

Vault maps used:
D:1:      lightli_arrival_statuegarden, item_on_display_a
D:2:      minitemple, bloody_makhleb, guppyfry_early_lair_pool
D:3:      ecumenical_altar_1, kennysheep_small_spiral
D:4:      minmay_temple_entry_glassed_door, first_bread, wad_orctagon

Action                   |  1- 3 |  4- 6 || total
-------------------------+-------+-------++-------
Melee: Unarmed           |    63 |   101 ||   164
 Stab: Sleeping          |    13 |     9 ||    22
  Eat: Chunk             |       |     5 ||     5
